 Dungeon Crawl Stone Soup version 0.28.0 (webtiles) character file.

Game seed: 12958358437731400832

51 crazypyro the Skirmisher (level 3, -9/39 HPs)
             Began as an Ogre Monk on Feb 15, 2022.
             Mangled by a kobold (10 damage)
             ... on level 2 of the Dungeon.
             The game lasted 00:01:46 (1310 turns).

crazypyro the Skirmisher (Ogre Monk)                Turns: 1310, Time: 00:01:47

Health: -9/39      AC:  3    Str: 17    XL:     3   Next: 81%
Magic:  3/3        EV: 10    Int: 11    God:
Gold:   53         SH:  0    Dex: 11    Spells: 2/2 levels left

rFire   . . .      SeeInvis .   a - +0 mace
rCold   . . .      Faith    .   (no shield)
rNeg    . . .      Spirit   .   b - +0 robe
rPois   .          Reflect  .   d - +0 hat {Stlth+}
rElec   .          Harm     .   (no cloak)
rCorr   .          Rampage  .   (gloves unavailable)
Will    .....                   (boots unavailable)
Stlth   +++.......              (no amulet)
HPRegen 0.13/turn               (no ring)
MPRegen 0.08/turn               (no ring)

@: no status effects
A: large, unfitting armour, tough skin 1
a: no special abilities


You were on level 2 of the Dungeon.
You visited 1 branch of the dungeon, and saw 2 of its levels.

You collected 53 gold pieces.

Inventory:

Hand Weapons
 a - a +0 mace (weapon)
Armour
 b - a +0 robe (worn)
 d - a +0 hat of stealth (worn)
Scrolls
 e - a scroll of silence {unknown}
 h - 2 scrolls of identify {unknown}
Potions
 c - a potion of ambrosia {unknown}
 f - 2 potions of curing {unknown}
 g - a potion of mutation {unknown}


   Skills:
 - Level 4.0 Fighting
 * Level 3.8 Maces & Flails
 + Level 2.8 Dodging
 - Level 2.0 Stealth


You had 2 spell levels left.
You didn't know any spells.
Your spell library was empty.

Dungeon Overview and Level Annotations

Branches:
Dungeon (2/15)

Altars:


Innate Abilities, Weirdness & Mutations

You are too large for most types of armour.
You have tough skin. (AC +1)


Message History

You barely miss the adder. The adder closely misses you. The adder bites you.
You are poisoned.
The adder poisons you!
You closely miss the adder.
You feel sick. The adder barely misses you.
You hit the adder.
The adder is moderately wounded.
You feel sick. The adder closely misses you. The adder barely misses you.
You miss the adder.
The adder is moderately wounded.
You feel sick. The adder barely misses you.
You closely miss the adder.
The adder is moderately wounded.
You feel sick. The adder misses you. The adder barely misses you.
You closely miss the adder.
The adder is moderately wounded.
You feel sick.
You are no longer poisoned.
The adder closely misses you.
You hit the adder.
The adder is almost dead.
The adder closely misses you. The adder bites you.
You sock the adder!
You kill the adder!
Found a pair of boots and 14 gold pieces.
The kobold throws a stone.
The stone barely misses you.
You see here a rat corpse.
The kobold barely misses you.
You completely miss the kobold.
The kobold hits you with a +2 short sword of electrocution. x2
You are electrocuted!
* * * LOW HITPOINT WARNING * * *
You barely miss the kobold.
The kobold hits you with a +2 short sword of electrocution.
* * * LOW HITPOINT WARNING * * *
You hit the kobold.
The kobold is moderately wounded.
The kobold hits you with a +2 short sword of electrocution.
* * * LOW HITPOINT WARNING * * *
You are electrocuted!
You die...

#.......#+ .. ..#
#####..†.. . #....#.#.#
#..... .#. #.#..#.#.#
#..... ..# ......#.#
#..... ... ...#..#.#
#..... ##.##.. ..#.#
#..... #.#...#K###...#
#..... ....$..@.[#.#.#
#.....
#.#...#†###...#########.
##. #.....#........##.
........#.##........'..
..#.#...............###
.# # #.#.............#
#.....##........#
....#.##........#
#....#.##........#


You could see a kobold.

Vanquished Creatures
  An adder (D:2)
  A dart slug (D:1)
  4 ball pythons
  6 endoplasms
  5 goblins (D:1)
  3 hobgoblins
  4 kobolds (D:1)
  A quokka (D:1)
  3 bats (D:1)
  5 frilled lizards (D:1)
  2 rats
35 creatures vanquished.

Vanquished Creatures (others)
  3 plants (D:1)
3 creatures vanquished.

Grand Total: 38 creatures vanquished

Notes
Turn   | Place    | Note
-------+----------+-------------------------------------------
     0 | D:1      | crazypyro the Ogre Monk began the quest for the Orb.
     0 | D:1      | Reached XP level 1. HP: 24/24 MP: 1/1
   185 | D:1      | Reached XP level 2. HP: 32/32 MP: 2/2
   489 | D:1      | Found a faded altar of an unknown god.
   632 | D:1      | Reached XP level 3. HP: 31/39 MP: 3/3
  1310 | D:2      | HP: 1/39 [kobold (2)]
  1310 | D:2      | Mangled by a kobold

Illustrated notes

Levels and vault maps discovered:
D:1:      sevenhm_arrival_forest_fort_small_5, layout_loops_ring,
          shapermc_ecumenical_altar_mp_ritualfount, hangedman_decor_riveting
D:2:      layout_basic, minmay_fractal_squares_5

Skill      XL: |  1  2  3 |
---------------+----------+-----
Maces & Flails | 3 |  3.8
Stealth        | 2 |  2.0
Fighting       | |  4.0
Dodging        | |  2.8

Action                   || total
-------------------------++-------
Melee: Mace              ||   102
       Punch             ||     2
 Stab: Sleeping          ||     3
Armor: Robe              ||    26
Dodge: Dodged            ||    72
